 Dungeon Crawl Stone Soup version 0.30-a0-782-ge64f9170bb (webtiles) character file.

Game seed: 15647045625813616204

564 Barriton the Gusty (level 7, -5/50 HPs)
             Began as a Purple Draconian Air Elementalist on Mar 13, 2023.
             Was a Believer of Sif Muna.
             Succumbed to a killer bee's poison
             ... on level 7 of the Dungeon.
             The game lasted 00:08:36 (4737 turns).

Barriton the Gusty (DrAE)                           Turns: 4737, Time: 00:08:37

Health: -5/50      AC:  6    Str: 10    XL:     7   Next: 10%
Magic:  23/23      EV: 12    Int: 17    God:    Sif Muna [**....]
Gold:   229        SH:  0    Dex: 12    Spells: 9/16 levels left

rFire   . . .      SeeInvis .    (no weapon)
rCold   . . .      Faith    .    (no shield)
rNeg    . . .      Spirit   .    (body armour unavailable)
rPois   .          Reflect  .    l - +0 hat
rElec   .          Harm     .    (no cloak)
rCorr   .          Rampage  .    (no gloves)
Will    +....                    (no boots)
Stlth   ++                       (no amulet)
HPRegen 0.28/turn                k - ring of wizardry
MPRegen 0.18/turn                g - ring of magical power

@: lethally poisoned (-5 -> -35)
A: breathe power, AC +6, unfitting armour, cold-blooded
a: Breathe Dispelling Energy, Renounce Religion, Channel Magic


You were on level 7 of the Dungeon.
You worshipped Sif Muna.
Sif Muna was pleased with you.
You visited 1 branch of the dungeon, and saw 6 of its levels.

You collected 229 gold pieces.

Inventory:

Armour
 l - a +0 hat (worn)
Jewellery
 f - a ring of protection from cold
 g - a ring of magical power (right hand)
 k - a ring of wizardry (left hand)
 m - a ring of wizardry
Wands
 e - a wand of charming (11)
Scrolls
 b - a scroll of blinking
 c - 4 scrolls of teleportation
 d - 3 scrolls of identify
 o - a scroll of fear {unknown}
 p - a scroll of magic mapping
Potions
 a - a potion of mutation {unknown}
 h - a potion of berserk rage
 i - a potion of curing
 j - a potion of haste
 q - a potion of might {unknown}


   Skills:
 - Level 1.9 Dodging
 - Level 2.0 Stealth
 - Level 0.7 Unarmed Combat
 + Level 5.1 Spellcasting
 + Level 3.0 Conjurations
 * Level 5.9 Air Magic


You had 9 spell levels left.
You knew the following spells:

 Your Spells              Type           Power      Damage    Failure   Level
a - Shock                 Conj/Air       76%        1d7       1%          1
b - Static Discharge      Conj/Air       38%        2-4/arc   1%          2
c - Airstrike             Air            12%        2d(2-18)  4%          4

Your spell library contained the following spells:

 Spells                   Type           Power      Damage    Failure   Level
 Swiftness                Air            24%        N/A       1%          3
 Ignite Poison            Fire/Tmut/Pois 4%         N/A       16%         3
 Inner Flame              Hex/Fire       4%         N/A       16%         3
 Flame Wave               Conj/Fire      9%         2d6       28%         4
 Sticky Flame             Conj/Fire      9%         2d3       28%         4
 Ignition                 Fire           2%         3d3       100%        8


Dungeon Overview and Level Annotations

Branches:
Dungeon (7/15)             Temple (0/1) D:6

Altars:
Ashenzari
Sif Muna
Zin

Annotations:
D:3 2 runed translucent doors, Barriton's ghost, amateur DrAE


Innate Abilities, Weirdness & Mutations

You can breathe bolts of dispelling energy.
Your rich purple scales are hard. (AC +6)
You cannot fit into any form of body armour.
You are cold-blooded and may be slowed by cold attacks.


Message History

You are more poisoned.
The killer bee poisons you!
The killer bee attacks as you move away!
The killer bee barely misses you.
You feel very sick.
A killer bee comes into view.
The killer bee attacks as you move away!
The killer bee closely misses you.
You feel very sick. The killer bee misses you.
The killer bee closely misses you. The killer bee stings you.
* * * LOW HITPOINT WARNING * * *
The killer bee barely misses you.
The killer bee attacks as you move away!
The killer bee misses you.
You feel sick. The killer bee barely misses you. The killer bee stings you.
* * * LOW HITPOINT WARNING * * *
You are lethally poisoned!
The killer bee poisons you!
The killer bee stings you but does no damage. x2
The killer bee attacks as you move away!
The killer bee barely misses you.
The killer bee attacks as you move away!
The killer bee closely misses you.
The killer bee attacks as you move away!
The killer bee closely misses you.
* * * LOW HITPOINT WARNING * * *
You feel very sick. The killer bee stings you.
* * * LOW HITPOINT WARNING * * *
You are more poisoned.
The killer bee poisons you!
The killer bee stings you but does no damage.
The killer bee stings you.
* * * LOW HITPOINT WARNING * * *
You are more poisoned.
The killer bee poisons you!
The killer bee attacks as you move away!
The killer bee closely misses you.
You die...

#.......... #. #..#..##...
...#########.............
.........................
.......................[.
.........yy............#
.........yy...>....#...##
.......y.y..##..#.......#
..#(.....y.@(...#.......##
. #.#.....................
...#.............<.......
.# ##....................
...##.................
..#. #....###...##.....
... ...... ..### ..#..
........... ## # ## ##...


You could see 7 killer bees.

Vanquished Creatures
  A sky beast (D:6)
  An ogre (D:6)
  3 scorpions (D:6)
  2 jellies (D:6)
  4 adders
  A shadow imp (D:6)
  An ufetubus (D:6)
  3 worms
  4 dart slugs (D:1)
  12 orcs
  11 ball pythons
  5 endoplasms
  A giant cockroach (D:2)
  4 goblins
  6 hobgoblins
  2 jackals (D:3)
  3 kobolds
  5 quokkas
  5 bats
  3 frilled lizards
  5 rats
82 creatures vanquished.

Notes
Turn   | Place    | Note
-------+----------+-------------------------------------------
     0 | D:1      | Barriton the Draconian Air Elementalist began the quest for
                  | the Orb.
     0 | D:1      | Reached XP level 1. HP: 14/14 MP: 3/3
   177 | D:1      | Found a faded altar of an unknown god.
   185 | D:1      | Prayed at the altar of an unknown god.
   185 | D:1      | Became a worshipper of Sif Muna the Loreminder
   185 | D:1      | Reached * piety under Sif Muna
   198 | D:1      | Reached XP level 2. HP: 13/20 MP: 0/5
   768 | D:1      | Reached XP level 3. HP: 12/26 MP: 0/6
  1532 | D:2      | Reached ** piety under Sif Muna
  1536 | D:2      | Learned a level 2 spell: Static Discharge
  2068 | D:2      | Found a shimmering blue altar of Sif Muna.
  2391 | D:2      | Reached XP level 4. HP: 33/33 MP: 8/8
  3204 | D:3      | Found a runed translucent door.
  3206 | D:3      | Noticed Barriton's ghost (amateur DrAE)
  3206 | D:3      | Noticed a bullfrog
  3369 | D:3      | Found a runed translucent door.
  3424 | D:3      | You fall into a shaft and drop 3 floors!
  3449 | D:6      | Learned a level 4 spell: Airstrike
  3451 | D:5      | Entered Level 5 of the Dungeon
  3452 | D:5      | Noticed a necrophage
  3540 | D:6      | Reached XP level 5. HP: 38/38 MP: 9/9
  3649 | D:6      | Found a staircase to the Ecumenical Temple.
  3721 | D:6      | Noticed an ogre
  3727 | D:6      | Killed an ogre
  3728 | D:6      | Reached XP level 6. HP: 42/45 MP: 7/11
  3825 | D:6      | Reached skill level 5 in Air Magic
  3945 | D:6      | Noticed a sky beast
  3969 | D:6      | Killed a sky beast
  4043 | D:6      | Found a glowing silver altar of Zin.
  4106 | D:6      | Your scales start taking on a rich purple colour.
  4106 | D:6      | Reached skill level 5 in Spellcasting
  4106 | D:6      | Reached XP level 7. HP: 50/50 MP: 1/14
  4257 | D:6      | Found a broken altar of Ashenzari.
  4736 | D:7      | HP: 2/50 [killer bee (2)]
  4737 | D:7      | Succumbed to a killer bee's poison

Illustrated notes

Levels and vault maps discovered:
D:1:      matt_arrival_grand_opening, layout_basic,
          nicolae_ecumenical_snake_handling
D:2:      layout_loops_corners, basic_altar
D:3:      layout_loops_ring, ebering_ghost_sewer_f
D:5:      layout_rooms, mainiacjoe_overflow_brackets, mainiacjoe_overflow_paths
D:6:      layout_loops_cross, lemuel_tele_altar, ashenzari_altar_1,
          minmay_temple_entry_crystal_x
D:7:      layout_cave_pools, riverfiend_overflow_shadow_ancestor,
          lemuel_crystal_altar, ebering_ghost_rock_garden,
          minmay_misc_feat_alley, bh_walls_and_bars

Skill      XL: |  1  2  3  4  5  6 |
---------------+-------------------+-----
Stealth        | 2 |  2.0
Spellcasting   | 3 5 |  5.1
Air Magic      | 4 5 |  5.9
Conjurations   | 2 3 |  3.0
Dodging        | |  1.9
Unarmed Combat | |  0.7

Action                     |  1- 3 |  4- 6 |  7- 9 || total
---------------------------+-------+-------+-------++-------
  Melee: Unarmed           |    46 |    12 |     1 ||    59
         Tailslap          |    12 |       |     1 ||    13
         Punch             |     1 |       |       ||     1
   Cast: Shock             |    98 |    61 |    13 ||   172
         Static Discharge  |     1 |    34 |       ||    35
         Airstrike         |       |     9 |     3 ||    12
    Use: Scroll            |     6 |     4 |     1 ||    11
         Potion            |       |     1 |       ||     1
 Armour: Skin              |    19 |    16 |     7 ||    42
  Dodge: Dodged            |    33 |    32 |    30 ||    95

Table legend: (Time is in decaauts)
 A = Elapsed time spent in this place.
 B = Non-inter-level travel time spent in this place.
 C = Inter-level travel time spent in this place.
 D = Time resting spent in this place.
 E = Time spent auto-exploring this place.
 F = Levels seen in this place.
 G = Mean time per level.
                   A        B        C        D        E       F      G
               +--------+--------+--------+--------+--------+-----+--------+
         Total |   4733 |   4689 |     44 |      0 |   4127 |   6 |  788.8 |
       Dungeon |   4733 |   4689 |     44 |      0 |   4127 |   6 |  788.8 |
               +--------+--------+--------+--------+--------+-----+--------+

Top non-repeatable levels by time:
     D:1: 1392 daAuts
     D:6: 1292 daAuts
     D:2: 1185 daAuts
     D:3: 844 daAuts
     D:7: 17 daAuts
     D:5: 1 daAuts
